Map: Torches LE

Players

Keqing

  • Race: Protoss Protoss
  • League: Master
  • Spawn Location: 1:00

LigerMaNN - Winner!

  • Race: Zerg Zerg
  • League: Diamond
  • Spawn Location: 5:00

VOD

Have the link to the VOD?

Description

Time

  • Played on: June 26, 2025, 4:48 a.m.
  • Length: 11:04
Show
View Real Time Build Order
Export as new Build Order

Keqing Protoss 

Build Orders: 1 Gate Expand 

Get SALT Encoding   

  12  0:00  Probe  
  13  0:12  Probe  
  14  0:21  Pylon  
  14  0:24  Probe  
  15  0:38  Probe  
  16  0:44  Gateway  
  16  0:47  Probe  
  16  0:54  Assimilator  
  16  0:55  Probe  
  18  1:06  Probe  
  19  1:18  Probe  
  20  1:27  Nexus  
  20  1:38  Cybernetics Core  
  20  1:42  Probe  
  21  1:47  Pylon  
  21  1:54  Assimilator  
  21  1:55  Probe  
  22  2:05  Adept  
  22  2:07  Probe  
  25  2:19  Probe  
  25  2:31  Probe  
  25  2:35  Stargate  
  26  2:43  Gateway, Probe  
  27  2:47  Pylon  
  27  2:49  Probe  
  28  2:56  Probe  
  29  3:01  Probe  
  30  3:06  Stalker  
  30  3:08  Probe  
  33  3:15  Void Ray  
  37  3:23  Probe  
  37  3:24  Probe  
  39  3:35  Probe  
  39  3:36  Probe  
  41  3:47  Probe  
  43  3:48  Probe  
  43  3:51  Pylon  
  43  3:58  Twilight Council  
  43  3:59  Probe  
  43  4:00  Forge, Probe  
  45  4:10  Assimilator  
  45  4:11  Probe  
  45  4:12  Probe  
  45  4:13  Void Ray  
  45  4:15  Stalker  
  45  4:23  Probe  
  52  4:24  Probe  
  52  4:30  Gateway  
  36  4:49  Probe x2  
  38  4:59  Zealot x2  
  40  5:06  Gateway  
  38  5:12  Protoss Ground Weapons Level 1, Charge  
  38  5:34  Probe  
  38  5:35  Probe  
  40  5:43  Probe  
  40  5:47  Probe  
  40  5:48  Nexus  
  42  5:54  Probe  
  42  5:59  Probe  
  44  6:05  Probe  
  44  6:08  Cybernetics Core  
  44  6:11  Probe  
  46  6:17  Probe  
  43  6:23  Probe  
  44  6:26  Templar Archives  
  44  6:29  Probe  
  45  6:35  Probe  
  46  6:41  Probe  
  46  6:43  Assimilator  
  47  6:47  Probe  
  47  6:48  Gateway  
  47  6:50  Robotics Facility  
  47  6:53  Probe  
  49  6:59  Probe  
  49  7:00  Probe  
  51  7:05  Probe, Blink, Protoss Ground Weapons Level 2  
  52  7:08  Gateway  
  52  7:11  Probe  
  52  7:12  Pylon  
  52  7:13  Probe  
  54  7:17  Probe  
  55  7:23  Probe  
  55  7:24  Warp Gate  
  56  7:30  Probe  
  56  7:31  Probe  
  56  7:35  Probe  
  56  7:37  Observer  
  59  7:39  Robotics Bay  
  59  7:42  Probe  
  59  7:43  Probe  
  59  7:44  Gateway  
  62  7:45  Gateway  
  62  7:46  Shield Battery  
  62  7:48  Probe  
  63  7:55  Probe x2  
  65  8:00  Pylon, Probe  
  66  8:07  Probe x2  
  66  8:12  Probe  
  69  8:14  Robotics Bay  
  69  8:16  Assimilator  
  69  8:19  Probe, Stalker x4  
  71  8:20  Probe, Assimilator  
  71  8:21  Pylon  
  71  8:24  Probe  
  82  8:29  Colossus, Robotics Facility  
  82  8:34  Pylon, Extended Thermal Lance  
  86  8:47  Photon Cannon  
  86  8:50  Stalker  
  88  8:59  Colossus  
  88  9:00  Stalker  
  90  9:13  Stalker  
  90  9:14  Stalker x3  
  90  9:15  Stalker  
  106  9:31  Photon Cannon  
  106  9:43  Pylon  
  106  9:45  Colossus  
  106  9:47  Pylon  
  106  9:57  Probe x2  
  80  10:00  Stalker x4  
  80  10:01  Stalker  
  80  10:02  Stalker  
Show
View Real Time Build Order
Export as new Build Order

LigerMaNN Zerg - Winner!

Build Orders: Hatch First 

Get SALT Encoding   

  12  0:01  Drone  
  13  0:12  Overlord  
  13  0:18  Drone  
  14  0:30  Drone  
  14  0:31  Drone  
  16  0:48  Hatchery  
  15  0:51  Drone  
  15  0:55  Drone  
  17  0:58  Drone  
  18  1:08  Extractor  
  17  1:15  Spawning Pool  
  17  1:17  Drone  
  17  1:22  Drone  
  18  1:28  Drone  
  19  1:54  Overlord  
  19  2:01  Queen x2  
  19  2:02  Zergling x2  
  19  2:03  Zergling x2  
  19  2:05  Zergling x2  
  26  2:12  Metabolic Boost  
  26  2:15  Drone  
  27  2:18  Drone  
  28  2:31  Roach Warren  
  27  2:41  Overlord  
  27  2:43  Drone x2  
  29  2:44  Drone  
  30  3:07  Drone x4  
  30  3:12  Roach x3  
  40  3:14  Roach  
  40  3:18  Roach  
  44  3:30  Overlord x2  
  44  3:46  Hatchery  
  44  3:48  Overlord  
  43  3:51  Zergling x4  
  43  3:52  Zergling x2  
  43  3:55  Zergling x2  
  47  4:02  Overlord  
  46  4:20  Zergling x14  
  49  4:37  Drone x2  
  49  4:38  Drone x4  
  47  4:47  Queen  
  45  4:58  Queen x2  
  43  5:12  Spore Crawler  
  43  5:13  Spore Crawler  
  40  5:14  Spore Crawler x2  
  40  5:15  Drone x5  
  40  5:17  Drone  
  44  5:30  Spore Crawler  
  44  5:31  Drone  
  44  5:32  Drone x4  
  44  5:33  Drone  
  44  5:35  Drone  
  50  5:37  Drone  
  51  5:51  Queen  
  51  5:54  Lair  
  51  5:57  Evolution Chamber  
  52  6:00  Drone x3, Extractor  
  52  6:03  Drone x4  
  56  6:18  Drone x10  
  64  6:25  Extractor  
  63  6:26  Extractor  
  62  6:35  Queen x2  
  66  6:51  Drone  
  66  6:52  Drone x2  
  66  6:53  Drone x3  
  72  6:55  Zerg Missile Weapons Level 1  
  72  7:00  Extractor  
  71  7:02  Drone x3, Extractor  
  71  7:03  Drone  
  74  7:15  Hydralisk Den  
  73  7:17  Baneling Nest, Overlord  
  73  7:18  Overlord x6  
  72  7:30  Hatchery  
  71  7:45  Muscular Augments  
  71  7:47  Hydralisk x8  
  87  7:51  Hatchery  
  86  8:00  Overseer  
  86  8:05  Pneumatized Carapace  
  86  8:10  Centrifugal Hooks  
  86  8:11  Zergling x18  
  95  8:17  Hydralisk x2  
  99  8:30  Baneling x6  
  99  8:31  Baneling x12  
  99  8:38  Evolution Chamber  
  98  8:49  Grooved Spines  
  98  9:14  Zergling x46  
  121  9:20  Zergling x4  
  123  9:30  Queen  
  101  10:00  Zergling x2  
  101  10:01  Zergling x36  
  101  10:03  Baneling x19  
  101  10:04  Baneling x5  
  120  10:10  Drone x7  
  120  10:13  Infestation Pit  
  126  10:16  Drone x2  
  123  10:27  Baneling x15  
  104  10:29  Hydralisk x2  
  104  10:33  Hydralisk  
  104  10:34  Hydralisk  
  107  10:38  Hydralisk x2  
  107  10:39  Hydralisk  
  111  10:43  Lurker Den  
  111  10:47  Baneling x8  
  111  10:48  Baneling  
Tags
 
Add a new tag
Caveats
  • Supply blocks, unpowered buildings, or Contaminate may cause inaccurate times.
  • Supply counts are checked every 10 seconds.